AoeStats
← Michi3052

Arena

509462189Analyzed
1v1 RM · 5d ago on Sep 26, 2026· 50m 2s· 2 players
Game mode
Random Map
Map size
Tiny (2 player)
Population
200
Speed
Normal
Resources
Standard
Victory
Conquest
Starting age
Dark Age
Ending age
Imperial Age
RankedLock teamsTeams togetherTeam positionsShared explorationLock speedFull tech treeHidden civsTurbo modeCheats
Victory
Defeat
🇦🇷 Britons · Argentina
782
+15
🇪🇸 Turks · Spain
753
-15
Michi3052
12:45 Feudal Age
13:21 Double-Bit Axe
18:34 Castle Age
18:04 Horse Collar
24:38 Imperial Age
22:43 Fletching
26:11 Bodkin Arrow
26:21 Gold Mining
27:10 Wheelbarrow
29:05 Bow Saw
30:48 Two-Man Saw
35:45 Hand Cart
35:16 Loom
36:12 Padded Archer Armor
40:52 Bracer
41:09 Leather Archer Armor
41:35 Gold Shaft Mining
41:53 Stone Mining
42:42 Bloodlines
42:34 Husbandry
46:48 Town Watch
48:48 Conscription
lh7160148
10:26 Feudal Age
16:35 Castle Age
14:52 Horse Collar
15:17 Double-Bit Axe
15:23 Loom
18:39 Bow Saw
19:22 Stone Mining
20:46 Heavy Plow
25:24 Wheelbarrow
25:45 Yeomen
25:53 Fletching
27:01 Padded Archer Armor
26:57 Bodkin Arrow
27:14 Forging
31:44 Imperial Age
30:08 Leather Archer Armor
33:20 Bracer
35:35 Ring Archer Armor
36:08 Ballistics
37:13 Two-Man Saw
36:42 Hand Cart
37:43 Iron Casting
38:48 Chemistry
46:24 Blast Furnace
45:36 Light Cavalry
46:18 Husbandry
49:13 Elite Longbowman
Connection lost

Rejoining the realm…

Still unreachable

The connection could not be restored.

Session expired

The server has moved on; the page needs a fresh start.